 Dungeon Crawl Stone Soup version 0.20.1-1-g8b1a95d (webtiles) character file.

788668 letownia2 the Executioner (level 27, 0/252 HPs)
             Began as a Deep Dwarf Necromancer on Dec 22, 2017.
             Was an Initiate of Gozag.
             Slain by a skeletal warrior
             ... wielding a +0 trident
              (10 damage)
             ... on level 1 of the Tomb of the Ancients on Dec 23, 2017.
             The game lasted 06:17:51 (97400 turns).

letownia2 the Executioner (Deep Dwarf Necromancer) Turns: 97400, Time: 06:17:52

Health: 0/252      AC: 46    Str: 31    XL:     27
Magic:  40/43      EV: 13    Int: 25    God:    Gozag
Gold:   4835       SH:  0    Dex: 12    Spells: 15/59 levels left

rFire    + . .     SeeInvis .   a - +4 executioner's axe "Beetle's Peril" {vamp, rF+ Str+4 Stlth+}
rCold    + . .     Gourm    .   (shield currently unavailable)
rNeg     + + +     Faith    .   m - +2 crystal plate armour of Untold Secrets {rElec rPois MR- Stlth-}
rPois    ∞         Spirit   .   U - +1 helmet of Honour {rElec rCorr}
rElec    +         Reflect  .   X - +2 cloak "Urghaez" {rC+ MR+ Dex-2}
rCorr    +         Harm     .   Y - +0 pair of gloves "Juxig" {rPois rN+ Int+2 Dex+3}
MR       +++++                  P - +2 pair of boots {Fly}
Stlth    ..........             (no amulet)
Regen    0.0/turn               C - ring "Bumutuh" {Wiz rElec rC- Str+6 Slay+2}
MPRegen  0.3/turn               K - ring of the Mage {Wiz MR++ Int+3}

@: lich-form, silence (expiring), flying, non-regenerating
A: damage resistance, heal wounds, clumsy 1, mutation resistance 1, negative
energy resistance 1, sense surroundings 3, subdued magic 1, no regeneration
}: 3/15 runes: serpentine, slimy, silver
a: Heal Wounds, End Transformation, Renounce Religion, Stop Flying


You were on level 1 of the Tomb of the Ancients.
You worshipped Gozag.
Gozag was most pleased with you.
You were not hungry.
You were a lich.
You visited 16 branches of the dungeon, and saw 68 of its levels.
You visited 1 bazaar.
You also visited: Labyrinth and Volcano.

You collected 44908 gold pieces.
You spent 4741 gold pieces at shops.
You paid 35332 gold pieces to Gozag.

Inventory:

Hand Weapons
 a - the +4 executioner's axe "Beetle's Peril" (weapon) {vamp, rF+ Str+4 Stlth+}
   (You bought it in a shop on level 2 of the Orcish Mines)

   It inflicts no extra harm, but heals its wielder when it wounds a living foe.
   It affects your strength (+4).
   It protects you from fire.
   It makes you more stealthy.
 b - a +9 vampiric executioner's axe
 c - a +0 blowgun
 d - the +9 heavy crossbow "Sniper" {velocity, Acc+∞ SInv}
   (You found it on level 1 of the Vaults)

   Any bolt fired from it inflicts extra damage.
   It lets you see invisible.
Missiles
 G - 15 curare-tipped needles
 R - 4 throwing nets (quivered)
 T - 1984 bolts
Armour
 m - the +2 crystal plate armour of Untold Secrets (worn) {rElec rPois MR- Stlth-}
   (You bought it in a shop on level 2 of the Lair of Beasts)

   It insulates you from electricity.
   It protects you from poison.
   It affects your resistance to hostile enchantments.
   It makes you less stealthy.
 P - a +2 pair of boots of flying (worn)
 U - the +1 helmet of Honour (worn) {rElec rCorr}
   (You bought it in a shop on level 2 of the Lair of Beasts)

   It insulates you from electricity.
   It protects you from acid and corrosion.
 X - the +2 cloak "Urghaez" (worn) {rC+ MR+ Dex-2}
   (You bought it in a shop on level 2 of the Lair of Beasts)

   It affects your dexterity (-2).
   It protects you from cold.
   It affects your resistance to hostile enchantments.
 Y - the +0 pair of gloves "Juxig" (worn) {rPois rN+ Int+2 Dex+3}
   (You found it on level 3 of the Elven Halls)

   It affects your intelligence (+2).
   It affects your dexterity (+3).
   It protects you from poison.
   It protects you from negative energy.
Magical Staves
 e - an uncursed staff of energy
 k - an uncursed staff of death
Jewellery
 t - an uncursed ring of protection from cold
 B - a +6 amulet of reflection
 C - the ring "Bumutuh" (left hand) {Wiz rElec rC- Str+6 Slay+2}
   (You found it on level 3 of the Crypt)

   [ring of wizardry]

   It improves your spell success rate.
   It affects your strength (+6).
   It affects your accuracy and damage with ranged weapons and melee attacks
   (+2).
   It makes you vulnerable to cold.
   It insulates you from electricity.
 K - the ring of the Mage (right hand) {Wiz MR++ Int+3}
   (You found it on level 1 of the Vaults)

   [ring of wizardry]

   It improves your spell success rate.
   It affects your intelligence (+3).
   It affects your resistance to hostile enchantments.
 L - the amulet "Lithey" {RegenMP Int+4 Stlth+}
   (You took it off a boggart on level 2 of the Depths)

   [amulet of magic regeneration]

   It increases your magic regeneration.
   It affects your intelligence (+4).
   It makes you more stealthy.
Wands
 f - a wand of scattershot (4/9)
 y - a wand of lightning (8/15)
 J - a wand of paralysis (4/24)
 O - a wand of confusion (35/48)
 V - a wand of clouds (4/9)
Scrolls
 h - 17 scrolls of remove curse
 i - 34 scrolls of identify
 l - 3 scrolls of teleportation
 v - 5 scrolls of fear
 w - 7 scrolls of immolation
 A - 3 scrolls of recharging
 F - 9 scrolls of fog
 H - a scroll of silence
 I - a scroll of holy word
 W - 2 scrolls of magic mapping
Potions
 g - 10 potions of brilliance
 n - 3 potions of curing
 o - 8 potions of might
 p - 11 potions of mutation
 q - 11 potions of agility
 s - 5 potions of heal wounds
 x - 12 potions of lignification
 z - 3 potions of magic
 E - 2 potions of resistance
 M - a potion of berserk rage
 Q - a potion of invisibility
 Z - 6 potions of haste
Books
 u - a book of Unlife

   Spells                             Type                      Level
   a - Recall                         Summoning/Translocation      3
   b - Animate Dead                   Necromancy                   4
   c - Control Undead                 Necromancy                   4
   d - Cigotuvi's Embrace             Necromancy                   5
   e - Death Channel                  Necromancy                   6
   f - Simulacrum                     Ice/Necromancy               6
Miscellaneous
 D - 5 phantom mirrors
 N - a lamp of fire
Comestibles
 j - 50 fruits
 r - 8 meat rations
 S - a royal jelly


   Skills:
 - Level 16.1 Fighting
 - Level 26.2 Axes
 + Level 12.2 Crossbows
 - Level 18.4 Armour
 - Level 12.7 Dodging
 - Level 2.4 Stealth
 - Level 16.6 Spellcasting
 - Level 3.2 Conjurations
 - Level 6.8 Hexes
 - Level 10.0 Charms
 - Level 3.8 Summonings
 - Level 25.1 Necromancy
 - Level 2.1 Translocations
 - Level 20.7 Transmutations
 - Level 3.3 Fire Magic
 - Level 9.1 Air Magic
 - Level 2.0 Poison Magic
 - Level 8.5 Evocations


You had 15 spell levels left.
You knew the following spells:

 Your Spells              Type           Power        Failure   Level  Hunger
a - Pain                  Necr           ####         0%          1    N/A
b - Blink                 Tloc           N/A          3%          2    N/A
c - Conjure Flame         Conj/Fire      ####....     4%          3    N/A
d - Death's Door          Chrm/Necr      #######...   28%         8    N/A
e - Mephitic Cloud        Conj/Pois/Air  ####....     2%          3    N/A
i - Silence               Hex/Air        #####.....   6%          5    N/A
n - Necromutation         Tmut/Necr      ########..   4%          8    N/A
o - Ignite Poison         Fire/Tmut/Pois #####...     1%          3    N/A
s - Swiftness             Chrm/Air       ######..     1%          2    N/A
t - Shroud of Golubria    Chrm/Tloc      #####.....   1%          2    N/A
v - Vampiric Draining     Necr           ########..   0%          3    N/A
x - Inner Flame           Hex/Fire       #####...     2%          3    N/A
z - Summon Butterflies    Summ           ####....     1%          1    N/A

Dungeon Overview and Level Annotations

Branches:
Dungeon (15/15)            Temple (1/1) D:5            Lair (6/6) D:9
  Swamp (4/4) Lair:4        Snake (4/4) Lair:3        Slime (5/5) Lair:6
    Orc (2/2) D:9             Elf (3/3) Orc:2        Vaults (5/5) D:14
  Crypt (3/3) Vaults:3       Tomb (2/3) Crypt:3      Depths (5/5) D:15
   Hell (1/1)                 Dis (0/7) Hell            Geh (1/7) Hell
    Coc (7/7) Hell            Tar (0/7) Hell            Zot (4/5) Depths:5

Altars:
Ashenzari
Cheibriados
Dithmenos
Elyvilon
Fedhas
Gozag
Hepliaklqana
Makhleb
Nemelex Xobeh
Okawaru
Qazlal
Ru
Sif Muna
Trog
Uskayaw
Vehumet
Xom
Yredelemnul
Zin
The Shining One
Beogh
Jiyva

Shops:
D:9 %   Orc:1 %   Orc:2 [[(([*:[   Elf:2 !   Elf:3 [=   Lair:2 [([[[[[[[**=
Vaults:2 [   Vaults:4 *   Hell [[*   Depths:1 *=}=   Depths:4 *   Depths:5 ?

Portals:
Hell: Depths:1 Depths:2 Depths:3 Depths:4 Depths:5
Abyss: Depths:1 Depths:2 Depths:3 Depths:4
Pandemonium: Depths:1 Depths:2 Depths:3 Depths:4
Ziggurat: Depths:1
Trove: Vaults:3 (give 2 scrolls of acquirement)

Annotations:
Elf:2 3 runed doors, 1 exclusion
Vaults:4 1 exclusion
Zot:3 exclusion: door


Innate Abilities, Weirdness & Mutations

You are resistant to damage.
You can heal yourself by infusing magical energy.
You resist negative energy. (rN+)
You passively map a large area around you.
You do not regenerate.
You are clumsy. (Dex -2)
You are somewhat resistant to further mutation.
Your spells are a little easier to cast, but a little less powerful.


Message History

* * * LOW HITPOINT WARNING * * *
The bennu claws you.
* * * LOW HITPOINT WARNING * * *
The bennu claws you but does no damage.
The greater mummy gestures wildly while chanting.
The hellwing closely misses you.
The hellwing hits you but does no damage.
Unknown command.
Unknown command.
Unknown command.
You slash the bennu!
The bennu is severely wounded.
You slash the hellwing!
The death scarab waves its antennae.
The bennu pecks you. The bennu sears you!!
* * * LOW HITPOINT WARNING * * *
The bennu claws you but does no damage. x2
The skeletal warrior hits you from afar with a trident!
You die...
Your body crumbles into a pile of gold.

..............................#
..............................#
..............................#
8.............................#
..............................#
..##################....[.....#
8.#* **#####..........# ..#* ,
, #4.##..........# ..# *
#L.##..........# 8.#*
',,..[.szb####..........# ..#*,


..#sszs ,*#..........# ..# , #.s4M #..........# 8.# * ,...sss* *#..........# ..#
, ..#...s, #..........# ..# . #(..s #..........# 8.#* ....' #..........# ..# , ,
, , #..........# You could see a greater mummy, 2 emperor scorpions, a bennu, a
skeletal warrior, an orange demon, a hellwing, 8 death scarabs and a wight.

Vanquished Creatures
  the Royal Jelly (Slime:5)
  Tiamat (Zot:1)
  An orb of fire (Zot:1)
  2 ancient liches
  Mennas (Crypt:2)
  The ghost of letownia2 the Executioner, a legendary DDNe of Gozag (Tomb:1)
  Mara (Vaults:2)
  3 juggernauts
  Sojobo (Crypt:1)
  8 greater mummies
  The ghost of p0werm0de the Spawn of Chaos, a veteran DDFi of Makhleb (Zot:1)
  Boris (twice) (Crypt:2 Crypt:3)
  Bai Suzhen (Snake:3)
  Geryon (Hell)
  7 shard shrikes
  Saint Roka (Crypt:2)
  Margery (Crypt:2)
  Xtahua (Vaults:3)
  2 Killer Klowns (Zot:3)
  2 curse toes (Zot:1)
  6 golden dragons
  A profane servitor (Crypt:3)
  6 bone dragons
  9 liches
  The ghost of p0werm0de the Spawn of Chaos, an adept DDFi of Makhleb (Vaults:5)
  20 tentacled monstrosities
  3 Ice Fiends
  10 titans
  2 deep elf blademasters (Elf:3)
  A deep elf master archer (Elf:3)
  A quicksilver dragon (shapeshifter) (D:15)
  8 quicksilver dragons
  7 ancient champions
  27 acid blobs
  9 death cobs
  16 sphinxes
  2 thorn hunters
  7 tengu reavers
  3 revenants
  Kirke (Swamp:3)
  17 storm dragons
  3 draconian monks
  12 azure jellies
  7 nagarajas
  19 shadow dragons
  12 fire giants
  4 iron dragons
  11 frost giants
  4 ghost moths
  8 deep elf sorcerers
  Louise (Snake:3)
  A draconian knight (Zot:3)
  13 vault wardens
  3 draconian stormcallers
  A curse skull (Crypt:3)
  3 orc warlords
  A cacodemon (Coc:2)
  A deep elf elementalist (Vaults:5)
  2 balrugs
  5 draconian scorchers
  Aizul (Snake:4)
  8 ghouls
  6 draconian annihilators
  4 draconian shifters
  An angel (Depths:1)
  The ghost of p0werm0de the Spawn of Chaos, a journeyman DDFi of Makhleb (Swamp:3)
  27 stone giants
  11 reapers
  24 very ugly things
  2 entropy weavers
  6 war gargoyles
  18 ironheart preservers
  13 black draconians
  An elemental wellspring (Coc:3)
  5 bennus
  8 vampire knights
  10 green draconians
  Nessos (D:13)
  2 dire elephants (Zot:3)
  7 deep elf demonologists
  An entropy weaver (shapeshifter) (D:15)
  A lorocyproca (Hell)
  11 deep elf annihilators
  12 white draconians
  8 purple draconians
  Azrael (Elf:2)
  12 yellow draconians
  12 red draconians
  6 spark wasps
  Snorg (D:13)
  8 eidola
  The ghost of Sayu92 the Bludgeoner, a journeyman GrFi of Okawaru (Lair:4)
  6 blizzard demons
  A green death (Hell)
  25 jiangshi
  13 fire dragons
  10 deep elf death magi
  A quicksilver dragon zombie (Coc:1)
  13 death oozes
  A merfolk impaler (Depths:4)
  14 mummy priests
  A minotaur (Lab)
  20 ettins
  6 deep elf high priests
  26 yaktaur captains
  Harold (D:11)
  8 rakshasas
  21 ice dragons
  32 vault guards
  9 hydras
  2 kraken zombies (Coc:3)
  13 great orbs of eyes
  3 quicksilver dragon skeletons
  4 spriggan air magi
  12 anacondas
  10 naga warriors
  2 ghost crabs
  A catoblepas (shapeshifter) (Depths:4)
  7 death knights
  9 centaur warriors
  12 death yaks
  47 two-headed ogres
  15 ogre magi
  11 deep troll earth magi
  11 deep troll shamans
  7 tengu warriors
  2 catoblepae
  16 vampire magi
  11 alligators
  10 spriggan berserkers
  7 orc high priests
  4 hell hogs (Geh:1)
  22 death scarabs
  4 shock serpents
  2 titan zombies
  2 storm dragon zombies
  A shock serpent (shapeshifter) (Vaults:5)
  10 naga sharpshooters
  24 hell knights
  2 sun demons
  11 soul eaters
  Nergalle (Lair:2)
  2 iron golems
  4 iron trolls
  18 deep elf knights
  A titan skeleton (Coc:6)
  8 shadow wraiths
  A sea snake (shapeshifter) (Depths:3)
  3 salamander mystics
  2 fire crabs (shapeshifter)
  5 storm dragon skeletons
  89 skeletal warriors
  4 swamp dragons
  4 unseen horrors
  13 flayed ghosts
  2 spriggan druids
  A glowing orange brain (shapeshifter) (D:13)
  2 spectral hydras (Swamp:4)
  10 anaconda zombies
  2 spark wasp zombies (Hell)
  A golden dragon zombie (Geh:1)
  A torturous demonspawn (Depths:2)
  5 wizards
  28 deep trolls
  A ghost moth zombie (Coc:5)
  26 deep elf archers
  9 glowing orange brains
  3 lindwurms (Lair:6)
  3 shambling mangroves
  A shadow dragon zombie (Hell)
  11 phantasmal warriors
  8 harpies (Vaults:5)
  22 ironbrand convokers
  29 orc knights
  5 naga ritualists
  60 deep elf magi
  63 ugly things
  14 necromancers
  2 anaconda skeletons (Hell)
  3 wolf spider zombies
  5 golden dragon skeletons
  3 iron dragon zombies
  A frost giant zombie (Coc:5)
  8 mana vipers
  2 wolf spiders (Vaults:1)
  9 orc sorcerers
  A mana viper (shapeshifter) (Depths:2)
  5 shining eyes
  3 oklob plants (Lair:5)
  2 shadow dragon skeletons
  A spectral ice dragon (Crypt:3)
  16 salamanders
  3 stone giant zombies
  2 salamanders (shapeshifter)
  A moth of wrath (shapeshifter) (Elf:3)
  22 moths of wrath
  2 manticores
  9 cyclopes
  A fire giant zombie (Coc:4)
  A sphinx skeleton (Vaults:5)
  Maurice (D:12)
  6 stone giant skeletons
  4 eyes of devastation
  3 guardian serpents (Snake:4)
  8 elephants
  2 torpor snails (shapeshifter) (Depths:4)
  10 vault sentinels
  3 frost giant skeletons
  4 fire giant skeletons
  A molten gargoyle (Hell)
  2 gargoyles (D:14)
  2 guardian serpents (shapeshifter)
  8 rust devils
  15 naga magi
  24 black mambas
  2 dire elephant zombies
  2 centaur skeletons (D:15)
  3 emperor scorpion zombies
  5 torpor snails (Lair:6)
  2 smoke demons
  A storm dragon simulacrum (Crypt:1)
  An eye of devastation (shapeshifter) (Vaults:5)
  An orange demon (Depths:2)
  2 hellions (Geh:1)
  6 swamp worm zombies (Swamp:4)
  20 spiny frogs
  6 rime drakes
  An iron troll zombie (Crypt:2)
  A yaktaur zombie (Hell)
  6 kobold demonologists
  11 tormentors
  2 efreet
  A komodo dragon (shapeshifter) (D:10)
  An anaconda simulacrum (Coc:6)
  11 komodo dragons
  45 yaktaurs
  42 freezing wraiths
  A dire elephant skeleton (Crypt:1)
  23 guardian mummies
  A demonic crawler (Hell)
  A hellwing (Depths:2)
  31 ice devils
  5 trolls
  A catoblepas skeleton (Coc:3)
  15 hydra zombies
  A jumping spider (Vaults:4)
  3 red devils (Geh:1)
  9 tengu conjurers
  24 hornets
  3 meliai (D:14)
  12 tyrant leeches
  2 polar bears
  2 trolls (shapeshifter)
  A blink frog (shapeshifter) (Zot:1)
  7 dream sheep (Lair:6)
  A tengu simulacrum (Vaults:3)
  2 hydra skeletons
  2 spriggan zombies (Hell)
  Prince Ribbit (D:7)
  6 alligator zombies
  3 fire dragon zombies
  2 spectral guardian serpents (Crypt:2)
  7 ettin zombies
  42 blink frogs
  3 harpy skeletons
  A spectral swamp dragon (Swamp:4)
  138 slime creatures
  A meliai zombie (Crypt:1)
  9 hippogriffs
  2 human simulacra
  12 bog bodies
  A deep troll zombie (Hell)
  A frost giant simulacrum (Crypt:1)
  2 ice dragon zombies
  114 flying skulls
  4 ettin skeletons
  19 wraiths
  3 ice dragon skeletons
  A fire dragon skeleton (Crypt:1)
  15 shadows
  3 wyverns
  4 spriggans
  11 ushabtiu
  3 alligator skeletons
  38 yaks
  A redback (Vaults:3)
  3 air elementals
  4 basilisks
  A spriggan (shapeshifter) (Depths:2)
  12 water elementals
  A hog (shapeshifter) (Depths:3)
  2 fire bats (Volcano)
  4 vampires
  2 large abominations (Crypt:3)
  6 hogs
  A yak (shapeshifter) (Depths:3)
  20 fire elementals
  Grum (D:9)
  3 basilisks (shapeshifter)
  10 hungry ghosts
  27 golden eyes
  13 humans
  A spatial vortex (Vaults:4)
  A steam dragon (D:10)
  An emperor scorpion simulacrum (Crypt:3)
  19 vampire mosquitoes
  57 nagas
  2 small abominations (Crypt:3)
  A torturous demonspawn zombie (Crypt:2)
  19 insubstantial wisps
  A naga (shapeshifter) (Vaults:2)
  11 wargs
  3 acid dragons
  2 hydra simulacra
  2 soldier ants
  A floating eye (shapeshifter) (Elf:2)
  17 water moccasins
  23 swamp worms
  3 floating eyes
  12 porcupines
  5 spiny frog zombies
  A deep troll skeleton (Vaults:5)
  4 hell hounds
  4 spiny frog skeletons
  6 swamp drakes
  2 black bears
  A hornet zombie (D:15)
  A two-headed ogre skeleton (Crypt:2)
  8 necrophages
  7 sky beasts
  A sky beast (shapeshifter) (D:15)
  68 orc warriors
  16 ice beasts
  A snapping turtle zombie (Crypt:1)
  2 swamp dragon zombies (Swamp:4)
  An ogre (shapeshifter) (Vaults:2)
  6 phantoms
  An alligator simulacrum (Coc:5)
  8 eyes of draining
  14 boggarts
  46 ogres
  A blink frog skeleton (Crypt:2)
  15 wolves
  A swamp dragon skeleton (Coc:5)
  19 centaurs
  3 big kobolds
  13 crocodiles
  A dream sheep skeleton (Crypt:1)
  A komodo dragon zombie (Crypt:1)
  A bullfrog (shapeshifter) (Vaults:5)
  23 bullfrogs
  A rime drake skeleton (Crypt:2)
  A gnoll sergeant (D:9)
  2 earth elementals
  An elf skeleton (Crypt:1)
  A wyvern skeleton (D:10)
  7 scorpions
  A scorpion (shapeshifter) (Vaults:4)
  A shapeshifter zombie (Crypt:1)
  24 wights
  10 killer bees
  5 howler monkeys
  An electric eel (Lair:1)
  2 bullfrog zombies
  A centaur zombie (D:12)
  13 crimson imps
  2 human zombies
  6 jellies
  Crazy Yiuf (D:7)
  34 orc priests
  7 hounds
  3 iron imps (Depths:2)
  6 iguanas
  41 orc wizards
  17 worker ants
  4 hell rats
  2 tengu zombies
  A tengu skeleton (Coc:4)
  40 mummies
  3 hound skeletons
  A worker ant zombie (D:5)
  18 gnolls
  A swamp drake zombie (Swamp:4)
  17 adders
  6 shadow imps
  14 white imps
  An ufetubus (Depths:2)
  An adder skeleton (D:9)
  2 worms (D:2)
  3 dart slugs
  7 leopard geckos
  143 orcs
  7 giant cockroaches
  3 gnoll zombies
  11 goblins
  11 hobgoblins
  5 jackals
  13 kobolds
  A quokka (shapeshifter) (Vaults:5)
  9 quokkas
  A ball python (D:4)
  5 bats
  3 frilled lizards
  A frilled lizard zombie (Crypt:1)
  A hobgoblin skeleton (Crypt:1)
  A leopard gecko skeleton (D:5)
  An orc skeleton (Coc:1)
  A quokka skeleton (D:7)
  10 rats
  6 fungi
  13 plants
  3 tentacles (Coc:3)
3587 creatures vanquished.

Vanquished Creatures (collateral kills)
  3 jiangshi (Crypt:1)
3 creatures vanquished.

Vanquished Creatures (others)
  A shard shrike (Coc:6)
  A caustic shrike (Depths:2)
  A lich (Tomb:2)
  A deep elf master archer (Elf:3)
  2 fire giants
  A storm dragon (Vaults:5)
  3 elemental wellsprings
  A yaktaur captain (Vaults:1)
  2 two-headed ogres (Volcano)
  8 dancing weapons
  An anaconda (Snake:3)
  11 death scarabs (Tomb:2)
  An ogre mage (Vaults:2)
  A skeletal warrior (Tomb:1)
  An orc knight (Vaults:3)
  An ugly thing (D:15)
  2 deep elf magi
  2 moths of wrath (Zot:4)
  A yaktaur (Vaults:1)
  A red draconian skeleton (Crypt:2)
  A harpy zombie (Tomb:2)
  A flying skull (Coc:6)
  2 slime creatures
  A water elemental (Hell)
  An air elemental (Depths:2)
  A wraith (Crypt:3)
  A golden eye (shapeshifter) (Vaults:1)
  A sky beast (D:10)
  A black bear (shapeshifter) (D:15)
  3 boggarts
  A centaur (Volcano)
  An orc wizard (D:7)
  3 mummies (Tomb:2)
  2 orcs
  A kobold (D:14)
  11 fungi
  22 plants
  5 tentacles (Coc:3)
102 creatures vanquished.

Grand Total: 3692 creatures vanquished

Notes
Turn   | Place    | Note
-------+----------+-------------------------------------------
     0 | D:1      | letownia2 the Deep Dwarf Necromancer began the quest for the Orb.
     0 | D:1      | Reached XP level 1. HP: 15/15 MP: 3/3
   171 | D:3      | Reached XP level 2. HP: 22/22 MP: 0/5
   310 | D:4      | Reached skill level 5 in Necromancy
   368 | D:4      | Reached XP level 3. HP: 26/28 MP: 6/6
   373 | D:4      | Learned a level 3 spell: Vampiric Draining
   476 | D:4      | Noticed an ogre
   589 | D:4      | Killed an ogre
   589 | D:4      | Reached XP level 4. HP: 7/36 MP: 0/7
   589 | D:4      | Reached XP level 5. HP: 8/42 MP: 0/8
   705 | D:4      | Found a shattered altar of Ashenzari.
  1107 | D:4      | Found a glowing golden altar of the Shining One.
  1124 | D:4      | Reached XP level 6. HP: 39/49 MP: 1/10
  1212 | D:5      | Entered Level 5 of the Dungeon
  1569 | D:5      | Noticed an ice beast
  1670 | D:4      | Reached XP level 7. HP: 41/55 MP: 5/12
  2059 | D:5      | Found a stormy altar of Qazlal.
  2092 | D:5      | Found a blossoming altar of Fedhas.
  2179 | D:5      | Found a staircase to the Ecumenical Temple.
  2185 | Temple   | Entered the Ecumenical Temple
  2244 | Temple   | Became a worshipper of Gozag Ym Sagoz the Greedy
  2312 | D:5      | Found a shimmering altar of Xom.
  2472 | D:4      | Found a basalt altar of Yredelemnul.
  2712 | D:3      | Found a sacrificial altar of Ru.
  2899 | D:3      | Found a faded altar of an unknown god.
  3032 | D:3      | Reached skill level 1 in Fighting
  3930 | D:2      | Reached XP level 8. HP: 49/64 MP: 10/15
  4477 | D:1      | Reached skill level 5 in Spellcasting
  5878 | D:7      | Reached skill level 1 in Evocations
  6048 | D:7      | HP: 2/66 [orc/flail (3)]
  6173 | D:7      | Found a runed door.
  6177 | D:7      | Noticed Crazy Yiuf
  6181 | D:7      | Killed Crazy Yiuf
  6304 | D:7      | Noticed Prince Ribbit
  6311 | D:7      | Killed Prince Ribbit
  6325 | D:7      | Gained mutation: You passively map the area around you. [Deep Dwarf growth]
  6325 | D:7      | Reached XP level 9. HP: 35/73 MP: 3/20
  6535 | D:7      | Got an opalescent robe
  6685 | D:8      | Noticed a two-headed ogre
  6693 | D:8      | Killed a two-headed ogre
  7242 | D:8      | Reached skill level 5 in Evocations
  7427 | D:8      | Identified the cursed +1 robe of Wemmuz {rElec SInv} (You took it off a crimson imp on level 7 of the Dungeon)
  7513 | D:9      | Reached XP level 10. HP: 78/84 MP: 2/23
  7677 | D:9      | Reached skill level 10 in Necromancy
  8037 | D:9      | Reached skill level 5 in Fighting
  8216 | D:9      | Noticed a two-headed ogre
  8222 | D:9      | Killed a two-headed ogre
  8261 | D:9      | Found a staircase to the Orcish Mines.
  8307 | D:9      | Found a staircase to the Lair.
  8325 | D:9      | Noticed Grum
  8440 | D:9      | Killed Grum
  8630 | D:9      | Got a heavily runed chain mail
  8641 | D:9      | Identified the +8 chain mail "Raasy" {MP+9 Int-2 Stlth+} (You found it on level 9 of the Dungeon)
  8780 | D:9      | Found a glowing silver altar of Zin.
  8780 | D:9      | Found a sparkling altar of Nemelex Xobeh.
  8906 | Orc:1    | Entered Level 1 of the Orcish Mines
  8924 | Orc:1    | Found Atwegig's Food Boutique.
  8944 | Orc:1    | Reached skill level 1 in Armour
  9155 | Orc:1    | Reached XP level 11. HP: 89/98 MP: 9/24
  9167 | Orc:1    | Noticed an orc warlord
  9168 | Orc:1    | Noticed an orc sorcerer
  9178 | Orc:1    | Killed an orc warlord
  9178 | Orc:1    | Reached skill level 5 in Armour
  9207 | Orc:1    | Killed an orc sorcerer
 10277 | D:9      | Found Unuas's Food Boutique.
 10287 | D:9      | Reached skill level 1 in Axes
 10467 | Orc:2    | Entered Level 2 of the Orcish Mines
 10485 | Orc:2    | Reached skill level 2 in Axes
 10492 | Orc:2    | Found a staircase to the Elven Halls.
 10593 | Orc:2    | Found a dark tunnel.
 10761 | Orc:2    | Bought a scorched executioner's axe for 510 gold pieces
 10785 | Orc:2    | Identified the +4 executioner's axe "Beetle's Peril" {vamp, rF+ Str+4 Stlth+} (You bought it in a shop on level 2 of the Orcish Mines)
 10806 | Volcano  | Entered a volcano
 10845 | Volcano  | Noticed a two-headed ogre
 10860 | Volcano  | Reached skill level 3 in Axes
 10866 | Volcano  | Killed a two-headed ogre
 10866 | Volcano  | Reached skill level 4 in Axes
 10890 | Volcano  | Killed a two-headed ogre
 10949 | Volcano  | Killed a two-headed ogre
 10967 | Volcano  | Identified a +2 pair of boots of running (You found it in a volcano)
 11052 | Volcano  | Reached skill level 5 in Axes
 11535 | Orc:2    | Found Saysk's Armour Emporium.
 11552 | Orc:2    | Reached skill level 6 in Axes
 11597 | Orc:2    | Noticed an orc sorcerer
 11600 | Orc:2    | Noticed an orc knight
 11603 | Orc:2    | Noticed an orc knight
 11664 | Orc:2    | Noticed a sun demon
 11668 | Orc:1    | Killed an orc knight
 11752 | Orc:1    | Killed an orc sorcerer
 11752 | Orc:1    | Reached skill level 7 in Axes
 11782 | Orc:1    | Killed an orc knight
 11894 | Orc:2    | Noticed an orc sorcerer
 11979 | Orc:2    | Noticed an orc high priest
 11981 | Orc:2    | Killed an orc sorcerer
 11981 | Orc:2    | Reached skill level 8 in Axes
 11981 | Orc:2    | Reached XP level 12. HP: 84/106 MP: 18/25
 11991 | Orc:2    | Noticed an orc warlord
 11992 | Orc:2    | Killed an orc high priest
 12045 | Orc:1    | Killed an orc warlord
 12045 | Orc:1    | Reached skill level 9 in Axes
 12277 | Orc:2    | Noticed an orc high priest
 12409 | Orc:1    | Reached skill level 10 in Axes
 12479 | Orc:2    | Killed an orc high priest
 12503 | Orc:2    | Noticed an orc high priest
 12550 | Orc:2    | Killed an orc high priest
 12846 | Lair:1   | Entered Level 1 of the Lair of Beasts
 12883 | Lair:1   | HP: 5/106 [porcupine (4)]
 12938 | Lair:1   | Reached skill level 11 in Axes
 13255 | Lair:2   | Noticed an eight-headed hydra
 13282 | Lair:2   | Killed an eight-headed hydra
 13456 | Lair:3   | Reached skill level 12 in Axes
 13642 | Lair:3   | Noticed a death yak
 13666 | Lair:3   | Noticed a death yak
 13667 | Lair:3   | Noticed a death yak
 13667 | Lair:3   | Noticed a death yak
 13667 | Lair:3   | Noticed a death yak
 13699 | Lair:3   | Killed a death yak
 13699 | Lair:3   | Reached skill level 13 in Axes
 13849 | Lair:3   | Found a glowing silver altar of Zin.
 13873 | Lair:4   | Found a staircase to the Swamp.
 13873 | Lair:4   | Noticed Sayu92's ghost (journeyman GrFi)
 14290 | Lair:5   | Reached XP level 13. HP: 107/112 MP: 26/26
 14311 | Lair:6   | Entered Level 6 of the Lair of Beasts
 14423 | Lair:5   | Reached skill level 14 in Axes
 14590 | Lair:6   | Found a viscous altar of Jiyva.
 14594 | Lair:6   | Found a staircase to the Slime Pits.
 14632 | Lair:6   | Reached skill level 15 in Axes
 14941 | Lair:6   | Found a runed door.
 15033 | Lair:6   | Noticed a fire dragon
 15044 | Lair:6   | Killed a fire dragon
 15044 | Lair:6   | Reached skill level 16 in Axes
 15328 | Lair:6   | Noticed a fire dragon
 15350 | Lair:6   | Killed a fire dragon
 15685 | Lair:6   | Reached skill level 17 in Axes
 15755 | Lair:6   | Gained mutation: You resist negative energy. (rN+) [Deep Dwarf growth]
 15755 | Lair:6   | Reached XP level 14. HP: 102/121 MP: 27/27
 16068 | Lair:2   | Bought an ancient scarf for 330 gold pieces
 16068 | Lair:2   | Bought an encrusted helmet for 313 gold pieces
 16078 | Lair:2   | Identified the scarf of Guruaz {Dex+4} (You bought it in a shop on level 2 of the Lair of Beasts)
 16088 | Lair:2   | Identified the +1 helmet of Honour {rElec rCorr} (You bought it in a shop on level 2 of the Lair of Beasts)
 16176 | D:10     | Entered Level 10 of the Dungeon
 16176 | D:10     | Found a runed door.
 16463 | D:10     | Found a runed door.
 16530 | D:10     | Got a faintly humming leather armour
 17450 | D:10     | Reached skill level 18 in Axes
 17653 | D:11     | Found a shimmering altar of Xom.
 17695 | D:11     | Found a labyrinth entrance.
 17723 | D:11     | Identified the +2 leather armour of Joy {Regen+ rCorr} (You found it on level 10 of the Dungeon)
 17743 | Lab      | Entered a labyrinth
 18365 | Lab      | Got a shimmering scale mail
 18397 | Lab      | Identified the cursed +1 scale mail "Morph" {rElec rC+} (You took it off a minotaur in a labyrinth)
 18408 | Lab      | Learned a level 2 spell: Blink
 18412 | Lab      | Learned a level 3 spell: Conjure Flame
 18416 | Lab      | Learned a level 3 spell: Mephitic Cloud
 18420 | Lab      | Learned a level 3 spell: Inner Flame
 18704 | D:11     | Noticed Harold
 18723 | D:11     | Reached skill level 1 in Fire Magic
 18747 | D:11     | Killed Harold
 18779 | D:11     | Reached skill level 1 in Conjurations
 18821 | D:11     | Reached skill level 1 in Poison Magic
 18940 | D:11     | Reached skill level 1 in Hexes
 19161 | D:11     | Reached skill level 1 in Translocations
 19757 | D:12     | Reached skill level 1 in Air Magic
 19936 | D:12     | Noticed Maurice
 19946 | D:12     | Killed Maurice
 20633 | D:13     | Noticed Nessos
 20645 | D:13     | Killed Nessos
 20645 | D:13     | Reached XP level 15. HP: 94/127 MP: 14/28
 20660 | D:13     | Found a roughly hewn altar of Beogh.
 21029 | D:13     | Identified the Handbook of Nocuous Air
 21076 | D:13     | Noticed Snorg
 21086 | D:13     | Killed Snorg
 21524 | D:14     | Found a shadowy altar of Dithmenos.
 21849 | D:14     | Found a blossoming altar of Fedhas.
 22084 | D:14     | Found a gate to the Vaults.
 22115 | D:14     | Got a steaming hat
 22126 | D:14     | Identified the +0 hat of the Bull {MR+ Int-4 Dex+4} (You found it on level 14 of the Dungeon)
 22236 | D:15     | Entered Level 15 of the Dungeon
 22440 | D:15     | Learned a level 2 spell: Swiftness
 22572 | D:15     | Reached skill level 10 in Spellcasting
 22580 | D:15     | Reached skill level 10 in Armour
 23073 | D:15     | Noticed a caustic shrike
 23078 | D:15     | Noticed an acid blob
 23078 | D:15     | a caustic shrike changed into an acid blob
 23078 | D:15     | Noticed an iron giant
 23078 | D:15     | an acid blob changed into an iron giant
 23079 | D:15     | Noticed a golden dragon
 23079 | D:15     | an iron giant changed into a golden dragon
 23084 | D:15     | Noticed a caustic shrike
 23084 | D:15     | a golden dragon changed into a caustic shrike
 23455 | Lair:3   | Found a staircase to the Snake Pit.
 23462 | Snake:1  | Entered Level 1 of the Snake Pit
 23500 | Snake:1  | Reached skill level 19 in Axes
 23789 | Snake:2  | Reached XP level 16. HP: 112/138 MP: 30/30
 24071 | Snake:4  | Entered Level 4 of the Snake Pit
 24484 | Snake:4  | Found a bloodstained altar of Trog.
 24495 | Snake:4  | Reached skill level 20 in Axes
 24732 | Snake:4  | Noticed Aizul
 24742 | Snake:4  | Killed Aizul
 25732 | Snake:3  | Noticed Louise
 25753 | Snake:3  | Killed Louise
 25770 | Snake:3  | Noticed Bai Suzhen
 25787 | Snake:3  | Killed Bai Suzhen
 25872 | Snake:3  | Reached skill level 10 in Fighting
 25985 | Snake:4  | Reached XP level 17. HP: 154/154 MP: 18/31
 26564 | Snake:4  | Reached skill level 21 in Axes
 26813 | Snake:4  | Got a serpentine rune of Zot
 27091 | Lair:3   | Reached skill level 5 in Dodging
 27191 | Lair:2   | Bought a spiked cloak for 351 gold pieces
 27202 | Lair:2   | Identified the +2 cloak "Urghaez" {rC+ MR+ Dex-2} (You bought it in a shop on level 2 of the Lair of Beasts)
 27243 | Lair:2   | Learned a level 1 spell: Summon Butterflies
 27460 | Vaults:1 | Entered Level 1 of the Vaults
 28218 | Vaults:3 | Reached skill level 22 in Axes
 28243 | Vaults:3 | Gained mutation: You passively map a large area around you. [Deep Dwarf growth]
 28243 | Vaults:3 | Reached XP level 18. HP: 90/163 MP: 22/32
 28564 | Vaults:3 | Noticed Mara
 28581 | Vaults:3 | Noticed letownia2's illusion
 28884 | Vaults:3 | Noticed letownia2's illusion
 29190 | Vaults:3 | Found a portal to a secret trove of treasure.
 29337 | Vaults:3 | Noticed letownia2's illusion
 29355 | Vaults:2 | Noticed letownia2's illusion
 29970 | Slime:1  | Entered Level 1 of the Pits of Slime
 29989 | Slime:1  | Reached skill level 23 in Axes
 30243 | Swamp:1  | Entered Level 1 of the Swamp
 30812 | Vaults:2 | Killed Mara
 30950 | Vaults:2 | Found Axuplime's Antique Armour Emporium.
 31164 | Vaults:2 | Reached skill level 24 in Axes
 31164 | Vaults:2 | Reached XP level 19. HP: 167/171 MP: 33/33
 31681 | Vaults:3 | Found a staircase to the Crypt.
 31695 | Crypt:1  | Entered Level 1 of the Crypt
 32434 | Crypt:1  | Reached skill level 1 in Charms
 32443 | Crypt:1  | Reached skill level 1 in Summonings
 32747 | Vaults:3 | Noticed Xtahua
 32759 | Vaults:3 | Killed Xtahua
 33129 | Crypt:1  | Reached skill level 5 in Air Magic
 33166 | Crypt:1  | Noticed Sojobo
 34829 | Lair:2   | Found an iron altar of Okawaru.
 34832 | Lair:2   | Noticed Nergalle
 34837 | Lair:2   | Killed Nergalle
 34918 | Lair:2   | Bought a slimy crystal plate armour for 2975 gold pieces
 34928 | Lair:2   | Identified the +2 crystal plate armour of Untold Secrets {rElec rPois MR- Stlth-} (You bought it in a shop on level 2 of the Lair of Beasts)
 35491 | Crypt:1  | Killed Sojobo
 35640 | Crypt:2  | Noticed a lich
 35799 | Crypt:2  | Noticed Boris
 35925 | Vaults:3 | Reached XP level 20. HP: 138/180 MP: 34/34
 36278 | Elf:1    | Entered Level 1 of the Elven Halls
 36504 | Elf:1    | Reached skill level 25 in Axes
 37204 | Elf:2    | Noticed Azrael
 37301 | Elf:2    | Killed Azrael
 37460 | Elf:2    | Found Penilar's Distillery.
 37781 | Elf:2    | Found a huge runed gate.
 37781 | Elf:2    | Found a huge runed gate.
 37791 | Elf:2    | Found a huge runed gate.
 37996 | Elf:3    | Entered Level 3 of the Elven Halls
 38052 | Elf:3    | Found Cazing's Jewellery Emporium.
 38608 | Elf:3    | Found Daejysatz's Antique Armour Shop.
 38904 | Elf:3    | Found a flickering gateway to a bazaar.
 38917 | Bazaar   | Entered a bazaar
 38931 | Bazaar   | Found Jeusuot's Antique Weapon Emporium.
 38931 | Bazaar   | Found Neodo's Weapon Shoppe.
 38952 | Bazaar   | Found Atonn's General Store.
 38952 | Bazaar   | Found Leiskixt's Antique Armour Shoppe.
 38973 | Bazaar   | Found Bamil's Armour Emporium.
 38988 | Bazaar   | Found Toaxoada's Armour Emporium.
 38988 | Bazaar   | Found Guecwu's Weapon Shoppe.
 40224 | Elf:3    | Reached skill level 26 in Axes
 40451 | Orc:2    | Found Net Buck's Antique Armour Emporium.
 40452 | Orc:2    | Found Gaaquilupn's Antique Weapon Emporium.
 40453 | Orc:2    | Found Zorim's General Store.
 40453 | Orc:2    | Found Vah Anar's Book Shoppe.
 41080 | Lair:4   | Killed Sayu92's ghost
 41958 | Elf:3    | Got a crude iron ring
 41960 | Elf:3    | Identified the ring "Rirph" {rElec rPois rF+ Slay-4 SInv} (You found it on level 3 of the Elven Halls)
 41964 | Elf:3    | Got a twitching platinum ring
 41966 | Elf:3    | Identified the ring "Qoojat" {MP+9 Int+3} (You found it on level 3 of the Elven Halls)
 42109 | Elf:3    | Got a pair of warped gloves
 42120 | Elf:3    | Identified the cursed +0 pair of gloves "Juxig" {rPois rN+ Int+2 Dex+3} (You found it on level 3 of the Elven Halls)
 42677 | Slime:4  | Reached XP level 21. HP: 183/188 MP: 35/35
 42687 | Slime:4  | Gained mutation: Scrolls take you a little longer to read. [a shining eye]
 42719 | Slime:5  | Entered Level 5 of the Pits of Slime
 43302 | Slime:5  | Noticed the Royal Jelly
 43904 | Slime:1  | You are sucked into a shaft!
 43969 | Slime:2  | Lost mutation: Scrolls take you a little longer to read. [potion of mutation]
 43969 | Slime:2  | Gained mutation: You have a pair of small horns on your head. [potion of mutation]
 43969 | Slime:2  | Gained mutation: Your mind is acute. (Int +2) [potion of mutation]
 43969 | Slime:2  | Gained mutation: Your spells are a little harder to cast, but a little more powerful. [potion of mutation]
 43997 | Slime:5  | Found a viscous altar of Jiyva.
 44223 | Slime:3  | Gained mutation: You are weak. (Str -2) [a shining eye]
 44224 | Slime:3  | Gained mutation: You occasionally shout uncontrollably at your foes. [a shining eye]
 44374 | Slime:3  | HP: 9/192 [azure jelly (8)]
 44374 | Slime:3  | HP: 4/192 [azure jelly (5)]
 45402 | Vaults:4 | Found Pisyss's General Store.
 45555 | Vaults:4 | Reached skill level 15 in Armour
 45564 | Vaults:5 | Entered Level 5 of the Vaults
 45592 | Vaults:5 | Noticed p0werm0de's ghost (adept DDFi)
 45609 | Vaults:5 | Reached XP level 22. HP: 178/205 MP: 36/36
 45628 | Vaults:5 | Killed p0werm0de's ghost
 45982 | Vaults:4 | Identified the Reference Book on Enchantment
 47431 | Slime:5  | Killed the Royal Jelly
 47431 | Slime:5  | Reached skill level 10 in Dodging
 47548 | Slime:5  | Got a slimy rune of Zot
 47562 | Slime:5  | Lost mutation: You have a pair of small horns on your head. [potion of mutation]
 47562 | Slime:5  | Lost mutation: You occasionally shout uncontrollably at your foes. [potion of mutation]
 47562 | Slime:5  | Lost mutation: You are weak. (Str -2) [potion of mutation]
 47562 | Slime:5  | Lost mutation: Your mind is acute. (Int +2) [potion of mutation]
 47562 | Slime:5  | Lost mutation: Your spells are a little harder to cast, but a little more powerful. [potion of mutation]
 47562 | Slime:5  | Gained mutation: Scrolls take you a little longer to read. [potion of mutation]
 47562 | Slime:5  | Gained mutation: You are frail. (-10% HP) [potion of mutation]
 47562 | Slime:5  | Gained mutation: Your flesh is cold resistant. (rC+) [potion of mutation]
 47570 | Slime:5  | Lost mutation: Your flesh is cold resistant. (rC+) [potion of mutation]
 47570 | Slime:5  | Lost mutation: You are frail. (-10% HP) [potion of mutation]
 47570 | Slime:5  | Lost mutation: Scrolls take you a little longer to read. [potion of mutation]
 47570 | Slime:5  | Gained mutation: Armour fits poorly on your strangely shaped body. [potion of mutation]
 47570 | Slime:5  | Gained mutation: You are frail. (-10% HP) [potion of mutation]
 47570 | Slime:5  | Gained mutation: You evolve. [potion of mutation]
 47570 | Slime:5  | Gained mutation: You are partially covered in slimy green scales. (AC +2) [potion of mutation]
 47571 | Slime:5  | Lost mutation: Armour fits poorly on your strangely shaped body. [potion of mutation]
 47571 | Slime:5  | Lost mutation: You are frail. (-10% HP) [potion of mutation]
 47571 | Slime:5  | Lost mutation: You evolve. [potion of mutation]
 47571 | Slime:5  | Lost mutation: You are partially covered in slimy green scales. (AC +2) [potion of mutation]
 47571 | Slime:5  | Gained mutation: Your spells are a little easier to cast, but a little less powerful. [potion of mutation]
 47571 | Slime:5  | Gained mutation: You are somewhat resistant to further mutation. [potion of mutation]
 47578 | Slime:5  | Identified the Compendium of Assistive Translocation
 47582 | Slime:5  | Learned a level 2 spell: Shroud of Golubria
 48977 | Vaults:5 | Reached XP level 23. HP: 145/215 MP: 38/38
 48988 | Vaults:5 | Got a silver rune of Zot
 49093 | Vaults:5 | Reached skill level 15 in Fighting
 50345 | Vaults:5 | Got a jade-encrusted chain mail
 50356 | Vaults:5 | Identified the +7 chain mail of Joolujix {Str+2} (You took it off a deep elf high priest on level 5 of the Vaults)
 51195 | Crypt:2  | Killed Boris
 51877 | Vaults:3 | Reached skill level 1 in Crossbows
 51990 | Crypt:2  | Found a shimmering altar of Xom.
 52529 | Vaults:3 | Found a roughly hewn altar of Beogh.
 52552 | Vaults:3 | Reached skill level 5 in Crossbows
 53083 | Crypt:2  | Noticed Margery
 53089 | Crypt:2  | Noticed Mennas
 53097 | Crypt:2  | Reached skill level 15 in Necromancy
 53100 | Crypt:2  | Killed Margery
 53106 | Crypt:2  | Noticed Saint Roka
 53625 | Crypt:2  | Killed Saint Roka
 53881 | Vaults:4 | Reached XP level 24. HP: 99/226 MP: 37/38
 54438 | Crypt:2  | Killed Mennas
 54603 | Crypt:3  | Entered Level 3 of the Crypt
 55379 | D:15     | Found a staircase to the Depths.
 55484 | Depths:1 | Entered Level 1 of the Depths
 55568 | Depths:1 | Found a gateway to Hell.
 55622 | Depths:1 | Found a one-way gate to the infinite horrors of the Abyss.
 55751 | Depths:1 | Found a gateway to a ziggurat.
 55832 | Depths:1 | Found a one-way gate leading to the halls of Pandemonium.
 56084 | Depths:1 | Found Kuameose's Jewellery Shop.
 56084 | Depths:1 | Found Taapafas's Gadget Emporium.
 56085 | Depths:1 | Found Kualepn's Jewellery Shop.
 56196 | Depths:1 | Found Wouroym's Serpentskin Sales.
 56276 | Hell     | Entered the Vestibule of Hell
 56276 | Hell     | Noticed Geryon
 56824 | Depths:2 | Learned a level 8 spell: Necromutation
 56828 | Depths:2 | Learned a level 3 spell: Ignite Poison
 56837 | Depths:2 | Learned a level 8 spell: Death's Door
 56958 | Depths:2 | Reached skill level 1 in Transmutations
 56992 | Depths:2 | Paralysed by a floating eye for 4 turns
 57193 | Depths:2 | Found a deep blue altar of Sif Muna.
 57318 | Depths:2 | Identified the Papyrus of the Entourage
 57410 | Depths:2 | Reached skill level 5 in Transmutations
 57653 | Depths:2 | Got a transparent brass amulet
 57655 | Depths:2 | Identified the amulet "Lithey" {RegenMP Int+4 Stlth+} (You took it off a boggart on level 2 of the Depths)
 57896 | Depths:3 | Reached XP level 25. HP: 174/236 MP: 39/39
 58327 | Depths:3 | Reached skill level 10 in Transmutations
 59426 | Depths:4 | Found Leown's General Store.
 59881 | Depths:4 | Noticed a juggernaut
 61142 | Crypt:3  | Found a basalt altar of Yredelemnul.
 62647 | Crypt:3  | Noticed Boris
 62679 | Crypt:3  | HP: 6/235 [disintegration (26)]
 63827 | Swamp:1  | Reached XP level 26. HP: 97/244 MP: 39/39
 64744 | Crypt:3  | Killed Boris
 65005 | Crypt:3  | Found a staircase to the Tomb.
 65063 | Crypt:3  | Got a clouded wooden ring
 65066 | Crypt:3  | Identified the ring "Bumutuh" {Wiz rElec rC- Str+6 Slay+2} (You found it on level 3 of the Crypt)
 65138 | Crypt:3  | Identified the Collected Works on Sinister Rituals
 65139 | Crypt:3  | Identified the Catalogue of Flamy Creation
 66026 | Depths:4 | Killed a juggernaut
 66455 | Depths:4 | Identified the Tome of Execration and Transformation
 66663 | Depths:4 | Learned a level 5 spell: Silence
 66771 | Depths:4 | Noticed a juggernaut
 66786 | Depths:4 | Killed a juggernaut
 66786 | Depths:4 | Reached skill level 5 in Charms
 66796 | Depths:4 | Got a fine lapis lazuli ring
 66800 | Depths:4 | Identified the ring "Taskent" {+Blink rPois rF+} (You found it on level 4 of the Depths)
 67029 | Depths:5 | Entered Level 5 of the Depths
 67058 | Depths:5 | Reached skill level 5 in Hexes
 67451 | Hell     | Killed Geryon
 67647 | Depths:5 | Found a gate to the Realm of Zot.
 67670 | Depths:5 | Found Ripa Moo's Magic Scroll Boutique.
 68404 | Hell     | Reached XP level 27. HP: 248/252 MP: 39/39
 68443 | Hell     | Found a gateway to the ashen valley of Gehenna.
 68603 | Hell     | Found a gateway to the Iron City of Dis.
 68626 | Hell     | Found a gateway to the freezing wastes of Cocytus.
 68636 | Hell     | Reached skill level 10 in Charms
 68713 | Hell     | Found a gateway to the decaying netherworld of Tartarus.
 69041 | Depths:5 | Noticed a juggernaut
 69062 | Depths:5 | Killed a juggernaut
 69580 | Geh:1    | Entered Level 1 of Gehenna
 71336 | Zot:1    | Entered Level 1 of the Realm of Zot
 71684 | Zot:1    | Noticed an orb of fire
 71707 | Zot:1    | Killed an orb of fire
 71865 | Zot:1    | Noticed p0werm0de's ghost (veteran DDFi)
 71888 | Zot:1    | Noticed Tiamat
 71902 | Zot:1    | Reached skill level 15 in Transmutations
 71944 | Zot:1    | Killed Tiamat
 72607 | Swamp:3  | Noticed p0werm0de's ghost (journeyman DDFi)
 72634 | Swamp:4  | Entered Level 4 of the Swamp
 72835 | Swamp:3  | Noticed Kirke
 72865 | Swamp:3  | Killed Kirke
 72952 | Swamp:3  | Killed p0werm0de's ghost
 73370 | Coc:1    | Entered Level 1 of Cocytus
 73726 | Coc:2    | HP: 7/249 [Ice Fiend[the effects of Hell] (17)]
 75634 | Zot:1    | Noticed an ancient lich
 75658 | Depths:5 | Killed an ancient lich
 75689 | Zot:1    | Killed p0werm0de's ghost
 75839 | Zot:1    | Reached skill level 15 in Spellcasting
 77911 | Zot:3    | Got a twitching marble ring
 78058 | Zot:3    | Identified the cursed ring of Untruth {rF+ AC-3} (You found it on level 3 of the Realm of Zot)
 78277 | Hell     | Bought a pair of heavily runed gloves for 190 gold pieces
 78287 | Hell     | Identified the +2 pair of gloves of the Dolphin {Regen+} (You bought it in a shop in the Vestibule of Hell)
 78820 | Tomb:1   | Entered Level 1 of the Tomb of the Ancients
 79004 | Tomb:1   | Noticed letownia2's ghost (legendary DDNe)
 79023 | Tomb:1   | Killed letownia2's ghost
 80115 | Tomb:1   | Noticed an ancient lich
 80126 | Tomb:1   | Killed an ancient lich
 80349 | Tomb:1   | Gained mutation: You are clumsy. (Dex -2) [mutagenic glow]
 85034 | Depths:1 | Bought 5 curare-tipped needles for 72 gold pieces
 86747 | Coc:2    | HP: 9/252 [shard shrike/shard of ice (11)]
 86754 | Coc:3    | HP: 1/252 [catoblepas skeleton (8)]
 89563 | Coc:7    | Entered Level 7 of Cocytus
 92127 | Tomb:2   | Noticed a greater mummy
 92127 | Tomb:2   | Noticed a greater mummy
 92127 | Tomb:2   | Noticed a greater mummy
 92139 | Tomb:2   | Noticed a greater mummy
 92147 | Tomb:2   | Killed a greater mummy
 93326 | Tomb:2   | Killed a greater mummy
 93362 | Tomb:2   | HP: 5/252 [greater mummy/divine providence (11)]
 94332 | Tomb:2   | Killed a greater mummy
 94335 | Tomb:2   | Killed a greater mummy
 95967 | Tomb:1   | Noticed a greater mummy
 95967 | Tomb:1   | Noticed a greater mummy
 95984 | Tomb:1   | Noticed a greater mummy
 95985 | Tomb:1   | Noticed a greater mummy
 95989 | Tomb:1   | Noticed a greater mummy
 95989 | Tomb:1   | Killed a greater mummy
 95989 | Tomb:1   | Reached skill level 10 in Crossbows
 97304 | Tomb:1   | Killed a greater mummy
 97309 | Tomb:1   | Killed a greater mummy
 97327 | Tomb:1   | Killed a greater mummy
 97353 | Tomb:1   | Noticed a greater mummy
 97400 | Tomb:1   | HP: 10/252 [bennu (12)]
 97400 | Tomb:1   | Slain by a skeletal warrior

Skill      XL: |  1  2  3  4  5  6  7  8  9 10 11 12 13 14 15 16 17 18 19 20 21 22 23 24 25 26 27 |
---------------+----------------------------------------------------------------------------------+-----
Spellcasting   | 2 3 4 7 9 10 11 12 16 | 16.6
Necromancy     | 5 6 7 8 9 11 12 13 14 15 16 18 19 25 | 25.1
Fighting       | 1 3 6 7 10 11 13 14 15 16 | 16.1
Evocations     | 2 5 6 8 |  8.5
Armour         | 3 6 7 10 11 12 15 16 17 18 | 18.4
Axes           | 8 13 17 18 19 20 22 24 26 | 26.2
Dodging        | 3 6 10 12 | 12.7
Fire Magic     | 3 |  3.3
Conjurations   | 3 |  3.2
Poison Magic   | 2 |  2.0
Hexes          | 2 3 6 |  6.8
Translocations | 2 |  2.1
Air Magic      | 2 3 5 9 |  9.1
Charms         | 4 9 10 | 10.0
Summonings     | 3 |  3.8
Crossbows      | 7 12 | 12.2
Transmutations | 7 13 14 20 | 20.7
Stealth        | |  2.4

Action                   |  1- 3 |  4- 6 |  7- 9 | 10-12 | 13-15 | 16-18 | 19-21 | 22-24 | 25-27 || total
-------------------------+-------+-------+-------+-------+-------+-------+-------+-------+-------++-------
Melee: Falchion          |    14 |    28 |       |       |       |       |       |       |       ||    42
       Dagger            |       |       |   352 |   441 |       |       |       |       |       ||   793
       Halberd           |       |       |     6 |       |       |       |       |       |       ||     6
       Executioner's axe |       |       |       |   340 |  1336 |  1485 |  1627 |  1865 |  4949 || 11602
       Whip              |       |       |       |    57 |       |       |       |       |       ||    57
       Headbutt          |       |       |       |       |       |       |    63 |    96 |       ||   159
 Fire: Heavy crossbow    |       |       |       |       |       |       |       |    52 |   133 ||   185
       Blowgun           |       |       |       |       |       |       |       |       |     2 ||     2
 Cast: Pain              |    24 |    29 |   151 |     5 |     6 |       |     1 |       |     1 ||   217
       Vampiric Draining |     3 |    21 |    83 |   248 |    67 |    76 |    71 |    11 |   405 ||   985
       Blink             |       |       |       |       |     2 |     1 |     1 |       |    30 ||    34
       Conjure Flame     |       |       |       |       |     7 |     7 |    13 |       |    13 ||    40
       Mephitic Cloud    |       |       |       |       |       |     4 |    28 |     1 |    10 ||    43
       Necromutation     |       |       |       |       |       |       |       |       |   144 ||   144
       Silence           |       |       |       |       |       |       |       |       |     7 ||     7
       Ignite Poison     |       |       |       |       |       |       |       |       |     3 ||     3
       Swiftness         |       |       |       |       |       |       |       |       |     1 ||     1
Invok: Call Merchant     |       |       |       |     3 |     2 |     4 |     1 |     3 |     5 ||    18
       Potion Petition   |       |       |       |       |       |     1 |       |       |     2 ||     3
 Abil: Evoke Berserk Rag |       |       |       |       |       |       |       |     1 |     1 ||     2
       End Transformatio |       |       |       |       |       |       |       |       |     3 ||     3
Evoke: Wand              |       |       |     4 |     7 |    28 |    19 |    41 |     5 |    28 ||   132
       Sack of spiders   |       |       |       |       |       |     1 |       |       |       ||     1
       Box of beasts     |       |       |       |       |       |     2 |       |       |       ||     2
       Lamp of fire      |       |       |       |       |       |       |       |       |     4 ||     4
  Use: Scroll            |       |     2 |     7 |    16 |    14 |    11 |    12 |    14 |    30 ||   106
       Potion            |       |       |       |     1 |       |     5 |     8 |     6 |    18 ||    38
 Stab: Distracted        |       |       |     1 |     2 |    12 |    26 |     9 |    20 |    41 ||   111
       Paralysed         |       |       |       |       |    18 |     1 |     1 |       |       ||    20
       Sleeping          |       |       |       |       |     3 |       |       |       |       ||     3
       Confused          |       |       |       |       |       |     3 |    18 |       |       ||    21
       Invisible         |       |       |       |       |       |     5 |       |       |     2 ||     7
       Petrifying        |       |       |       |       |       |       |     1 |       |       ||     1
  Eat: Chunk             |       |     5 |     3 |       |       |       |       |       |       ||     8
       Bread ration      |       |       |     3 |     2 |     1 |     4 |     3 |     3 |    11 ||    27
       Meat ration       |       |       |     1 |     1 |     3 |       |     4 |     4 |     6 ||    19
       Royal jelly       |       |       |     1 |     3 |     7 |     2 |     1 |     4 |     6 ||    24
       Fruit             |       |       |       |    10 |     2 |       |    12 |     4 |     8 ||    36
Armor: Ring mail         |    10 |    22 |   180 |    80 |       |       |       |       |       ||   292
       Chain mail        |       |       |       |   623 |   970 |   746 |   751 |       |       ||  3090
       Scale mail        |       |       |       |    10 |    21 |       |       |       |       ||    31
       Crystal plate arm |       |       |       |       |       |       |   380 |  1662 |  4641 ||  6683
Dodge: Dodged            |    16 |    38 |   238 |   590 |   874 |   730 |   740 |   999 |  2933 ||  7158
Block: Other             |       |       |       |       |       |       |       |       |   350 ||   350
       Reflection        |       |       |       |       |       |       |       |       |    10 ||    10
       Rpst.: Falchion   |     6 |     8 |       |       |       |       |       |       |       ||    14
